 Dungeon Crawl Stone Soup version 0.18.1-8-gdd0e5ea (webtiles) character file.

55 Hipnos the Firebug (level 3, 0/24 HPs)
             Began as a Mummy Fire Elementalist on May 22, 2016.
             Slain by a worm (9 damage)
             ... on level 2 of the Dungeon.
             The game lasted 00:05:50 (2327 turns).

Hipnos the Firebug (Mummy Fire Elementalist)        Turns: 2327, Time: 00:05:51

Health: 0/24       AC:  2    Str: 11    XL:     3   Next: 67%
Magic:  1/6        EV: 12    Int: 15    God:
Gold:   74         SH:  0    Dex: 12    Spells: 2 memorised, 4 levels left

rFire  x . .     SeeInvis .     d - -1 hand axe (curse)
rCold  + . .     Gourm    .     a - +0 robe
rNeg   + + +     Faith    .     (no shield)
rPois  ∞         Spirit   .     (no helmet)
rElec  .         Dismiss  .     (no cloak)
rCorr  .         Reflect  .     (no gloves)
SustAt .         Harm     .     (no boots)
MR     .....                    (no amulet)
Stlth  ++........               (no ring)
                                (no ring)

@: not resistant to hostile enchantments, unstealthy
A: no food or potions, fire vulnerability, cold resistance 1, negative energy
resistance 3, torment resistance, unbreathing
a: no special abilities


You were on level 2 of the Dungeon.
You were not hungry.

You visited 1 branch of the dungeon, and saw 2 of its levels.

You collected 74 gold pieces.

Inventory:

Hand Weapons
 d - a cursed -1 hand axe (weapon)
 e - a cursed -2 spear
Armour
 a - a +0 robe (worn)
Scrolls
 c - 2 scrolls of teleportation {unknown}
 f - a scroll of identify {unknown}
 g - a scroll of random uselessness {unknown}
Books
 b - a book of Flames

   Spells                             Type                      Level
   a - Flame Tongue                   Conjuration/Fire             1
   b - Throw Flame                    Conjuration/Fire             2
   c - Conjure Flame                  Conjuration/Fire             3
   d - Inner Flame                    Hexes/Fire                   3
   e - Sticky Flame                   Conjuration/Fire             4
   f - Fireball                       Conjuration/Fire             5


   Skills:
 - Level 1.5 Dodging
 - Level 1.5 Stealth
 + Level 2.5 Spellcasting
 + Level 1.1 Conjurations
 * Level 3.4 Fire Magic


You had 4 spell levels left.
You knew the following spells:

 Your Spells              Type           Power        Failure   Level  Hunger
a - Flame Tongue          Conj/Fire      #....        12%         1    N/A
b - Throw Flame           Conj/Fire      #.....       14%         2    N/A

Dungeon Overview and Level Annotations

Branches:
Dungeon (2/15)

Altars:


Innate Abilities, Weirdness & Mutations

You do not eat or drink.
Your flesh is vulnerable to fire.
You are immune to poison.
Your flesh is cold resistant.
You are immune to negative energy.
You are immune to unholy pain and torment.
You can survive without breathing.


Message History

Press: ? - help, Shift-Dir - straight line, f/p - worm
Aim: a worm The puff of flame hits the worm.
The worm is moderately wounded.
Casting: Throw Flame
Confirm with . or Enter, or press ? or * to list all spells.
Aiming: Flame Tongue
Press: ? - help, Shift-Dir - straight line, f/p - worm
Aim: a worm (lightly wounded)
The flame tongue hits the worm.
The worm is heavily wounded.
Casting: Flame Tongue
Confirm with . or Enter, or press ? or * to list all spells.
Aiming: Flame Tongue
Press: ? - help, Shift-Dir - straight line, f/p - worm
Aim: a worm (lightly wounded)
The flame tongue hits the worm.
The worm is heavily wounded.
The worm bites you!
You die...

##### #...# #)##### #.#.
#...###†..+ ###.....# #######.#.
'...'(....# #.....#.# #!......#.
#..)##....# #.###.#.# #.......##
#...###.#####.#<..#.####.........
'(..+..................'.........
#...###..####.......####....).###
#..[# #.(.# ####.##############
##### #.#.## #..@....... ...
#(#..# #.#w####### ###
#...w###.#.### ####..##.....#
#..####.#.# #..# #...#
#####..####...# #.........#...#
#.........#.#.#


You could see a worm.

Vanquished Creatures
  An adder (D:2)
  A dart slug (D:2)
  2 giant geckos (D:2)
  7 bats
  4 goblins (D:1)
  5 hobgoblins
  3 jackals (D:1)
  5 kobolds
  6 giant newts
  3 rats (D:1)
37 creatures vanquished.

Notes
Turn   | Place    | Note
--------------------------------------------------------------
     0 | D:1      | Hipnos the Mummy Fire Elementalist began the quest for the Orb.
     0 | D:1      | Reached XP level 1. HP: 13/13 MP: 3/3
   392 | D:1      | Reached XP level 2. HP: 19/19 MP: 3/5
   595 | D:1      | Learned a level 2 spell: Throw Flame
   711 | D:1      | Reached skill level 3 in Fire Magic
  1341 | D:1      | Reached XP level 3. HP: 24/24 MP: 2/6
  1404 | D:1      | Reached skill level 1 in Conjurations
  2327 | D:2      | Slain by a worm

Skill      XL: |  1  2  3 |
---------------+----------+-----
Fire Magic     | 3 |  3.4
Conjurations   | 1 |  1.1
Dodging        | |  1.5
Stealth        | |  1.5
Spellcasting   | |  2.5

Action                   || total
-------------------------++-------
Melee: Unarmed           ||     3
       Hand axe          ||    62
 Cast: Flame Tongue      ||    31
       Throw Flame       ||    37
  Use: Scroll            ||     1
 Stab: Sleeping          ||     2
Armor: Robe              ||    17
Dodge: Dodged            ||    68
